 Dungeon Crawl Stone Soup version 0.26-a0-937-g67df3f2acb (webtiles) character file.

Game seed: 16857919658222481443

19511 Favre the Geomancer (level 12, -1/72 HPs)
             Began as a Gargoyle Earth Elementalist on Nov 27, 2020.
             Slain by a death scarab (15 damage)
             ... in a Gauntlet.
             The game lasted 00:51:38 (16324 turns).

Favre the Geomancer (Gargoyle Earth Elementalist)  Turns: 16324, Time: 00:51:39

Health: -1/72      AC: 20    Str: 14    XL:     12   Next: 69%
Magic:  22/33      EV: 13    Int: 31    God:
Gold:   479        SH:  0    Dex:  5    Spells: 5/27 levels left

rFire    + . .     SeeInvis .   a - +2 flail (holy)
rCold    + + +     Faith    .   (no shield)
rNeg     + . .     Spirit   .   f - +3 leather armour {rF+}
rPois    ∞         Reflect  .   V - +0 hat of the Valley {Int+6} (curse)
rElec    +         Harm     .   y - +1 cloak
rCorr    .         Rampage  .   B - +0 pair of gloves "Faubbuv" {+Inv rElec rC+++ Dex-5}
MR       .....     NoTele   +   A - +2 pair of boots
Stlth    +.........             m - amulet of the acrobat
HPRegen  0.22/turn              F - +6 ring of intelligence
MPRegen  0.23/turn              j - ring of magical power

@: confused, mighty, berserk cooldown, slowed, very slow
A: hooves 1, deformed body, negative energy resistance 1, electricity
resistance, unbreathing, petrification resistance, rot immunity, sturdy frame 1,
AC +8
a: Evoke Invisibility


You were in a Gauntlet.
You visited 2 branches of the dungeon, and saw 14 of its levels.
You also visited: Bailey and Gauntlet.

You collected 851 gold pieces.
You spent 372 gold pieces at shops.

Inventory:

Hand Weapons
 a - a +2 flail of holy wrath (weapon)
 d - a +4 dagger of venom
 x - a +0 morningstar
 G - the +8 spear of Magnificence {drain, Str+2}
   (You found it on level 10 of the Dungeon)

   A truly terrible weapon, it drains the life of those it strikes.
   It affects your strength (+2).
Missiles
 b - 231 stones (quivered)
Armour
 c - a +0 robe
 f - a +3 leather armour of fire resistance (worn)
 h - a +2 helmet
 y - a +1 cloak (worn)
 A - a +2 pair of boots (worn)
 B - the +0 pair of gloves "Faubbuv" (worn) {+Inv rElec rC+++ Dex-5}
   (You found it on level 12 of the Dungeon)

   It affects your dexterity (-5).
   It renders you almost immune to cold.
   It insulates you from electricity.
   It lets you turn invisible.
 C - a +2 pair of gloves
 V - the cursed +0 hat of the Valley (worn) {Int+6}
   (You found it in a Gauntlet)

   It affects your intelligence (+6).
   It has a curse placed upon it.
Magical Staves
 D - an uncursed staff of cold {unknown}
 H - an uncursed staff of fire {unknown}
Jewellery
 j - a ring of magical power (right hand)
 m - an amulet of the acrobat (around neck)
 E - an uncursed ring of see invisible
 F - a +6 ring of intelligence (left hand)
 T - an uncursed ring of ice
Wands
 p - a wand of random effects (28)
 v - a wand of polymorph (8)
 K - a wand of disintegration (10)
 P - a wand of flame (12)
 R - a wand of enslavement (10)
Scrolls
 e - 3 scrolls of fog
 i - 3 scrolls of immolation
 o - 10 scrolls of identify
 q - 3 scrolls of amnesia
 r - 4 scrolls of magic mapping
 z - a scroll of fear
 M - 2 scrolls of teleportation
 N - a scroll of remove curse
 Q - a scroll of enchant weapon
 U - a scroll of summoning
Potions
 g - 3 potions of curing
 k - 3 potions of ambrosia
 l - 2 potions of cancellation
 s - a potion of attraction
 t - a potion of berserk rage
 u - 2 potions of resistance
 L - 2 potions of lignification
Miscellaneous
 I - a phantom mirror
 O - a phial of floods
 S - a box of beasts


   Skills:
 + Level 7.4 Fighting
 + Level 6.9 Maces & Flails
 - Level 6.0 Armour
 + Level 6.1 Dodging
 - Level 2.1 Stealth
 + Level 8.0 Spellcasting
 + Level 8.6 Conjurations
 - Level 0.7 Transmutations
 * Level 1.8 Fire Magic
 + Level 10.5 Earth Magic
 + Level 6.2 Evocations


You had 5 spell levels left.
You knew the following spells:

 Your Spells              Type           Power        Failure   Level
a - Sandblast             Erth           ######       1%          1
b - Stone Arrow           Conj/Erth      ######       1%          3
c - Lee's Rapid Deconstr  Erth           ######....   1%          5
d - Iron Shot             Conj/Erth      ######....   12%         6
e - Bolt of Magma         Conj/Fire/Erth ######....   6%          5
f - Passwall              Tmut/Erth      #####...     1%          2

Your spell library contained the following spells:

 Spells                   Type           Power        Failure   Level
 Foxfire                  Conj/Fire      ####         1%          1
 Shock                    Conj/Air       ####         1%          1
 Conjure Flame            Conj/Fire      #####...     1%          3
 Static Discharge         Conj/Air       #####...     1%          3
 Iskenderun's Battlesphe  Conj           ######..     3%          5
 Animate Skeleton         Necr           ##....       4%          1
 Apportation              Tloc           ##....       4%          1
 Pain                     Necr           ##..         4%          1
 Leda's Liquefaction      Hex/Erth       #####.....   4%          4
 Petrify                  Tmut/Erth      #####...     4%          4
 Sticky Flame             Conj/Fire      #####...     4%          4
 Swiftness                Air            ##......     6%          2
 Inner Flame              Hex/Fire       ###.....     9%          3
 Lesser Beckoning         Tloc           ##........   12%         3
 Tukima's Dance           Hex            ##......     12%         3
 Vampiric Draining        Necr           ##........   12%         3
 Fireball                 Conj/Fire      #####.....   13%         5
 Lightning Bolt           Conj/Air       #####.....   19%         5
 Airstrike                Air            ##........   38%         4
 Animate Dead             Necr           ##........   38%         4
 Alistair's Intoxication  Tmut/Pois      ##.......    69%         5
 Agony                    Necr           ##......     75%         5
 Orb of Destruction       Conj           ######....   69%         7
 Invisibility             Hex            ##......     99%         6
 Spellforged Servitor     Conj/Summ      #####.....   99%         7
 Shatter                  Erth           ######....   100%        9
 Statue Form              Tmut/Erth      Unusable     N/A         6

Dungeon Overview and Level Annotations

Branches:
Dungeon (13/15)            Temple (1/1) D:5            Lair (0/6) D:9
    Orc (0/2) D:10         Bailey (visited)         Gauntlet (1/1)
 Vaults: D:13-14

Altars:
Ashenzari
Cheibriados
Dithmenos
Elyvilon
Fedhas
Gozag
Hepliaklqana
Kikubaaqudgha
Makhleb
Nemelex Xobeh
Okawaru
Qazlal
Ru
Sif Muna
Trog
Uskayaw
Vehumet
Wu Jian
Xom
Yredelemnul
Zin
The Shining One
Lugonu

Shops:
D:10 *

Annotations:
D:7 3 runed translucent doors, dinky's ghost, novice DDBe Gauntlet 13 transporters, exclusions: oklob plant and orange crystal statue


Innate Abilities, Weirdness & Mutations

You are resistant to torment.
Your stone body is resilient. (AC +8)
You are immune to poison.
You resist negative energy. (rN+)
You are resistant to electric shocks. (rElec)
You can survive without breathing.
You are immune to petrification.
You are immune to rotting.
You have large cloven feet.
Armour fits poorly on your strangely shaped body.
Your movements are slightly less encumbered by armour. (ER -2)


Message History

The death scarab bites you!
* * * LOW HITPOINT WARNING * * *
The death scarab drains your vigour!
You feel as though you will be slow longer.
Unknown command.
You feel very mighty all of a sudden. The death scarab bites you.
* * * LOW HITPOINT WARNING * * *
The death scarab drains your vigour!
You feel as though you will be slow longer.
The death scarab bites you but does no damage. x2
The death scarab misses you.
You are confused.
You feel invigorated. The death scarab bites you!
* * * LOW HITPOINT WARNING * * *
The death scarab bites you but does no damage.
The death scarab completely misses you.
You bump into the translucent stone wall.
The death scarab barely misses you. The death scarab bites you!
You die...

##.##############################
#.#.....##[)#.#...†....B#.#.≈ZZZ
##.#..###.##.#.#.#...###.#.#.≈..≈
8#.#.##.##.#?#.#...###...#.#.≈≈.≈
##.#.#.#.#5#.#.#.#^#...#.#.#..≈..
#.#.#.#©#.#.#.#.#..©###.#.#≈≈.≈.
##.#.#.#.#.#.#.#...###...#.#Z≈.≈≈
8#.#.#2##.##2#.#B#^#..^#.#.#Z.≈..
##.#.##2###.4#.#@#^^.#^#.#.#Z≈.≈.
#.##©##2...5#.#..[.©[?^.#.#Z≈."©
##.###########.###########.######
8#...............................
##≈..............................
################################
#8# #8# #8# #8# #8# #8# #8##§..
### ### ### ### ### ### ####8..
#§..


You could see a blizzard demon, an ice devil, a death scarab and 2 white imps.

Vanquished Creatures
  An ogre mage (D:11)
  2 hydras (D:11)
  A centaur warrior (D:13)
  3 two-headed ogres
  A death scarab (Gauntlet)
  2 spectral death yaks (Gauntlet)
  An unseen horror (D:9)
  A manticore (D:12)
  A deep elf mage (D:11)
  A wolf spider (D:11)
  A moth of wrath (Gauntlet)
  2 cyclopes (D:11)
  3 gargoyles
  A troll (D:11)
  2 polar bears (D:9)
  A hornet (D:11)
  A spectral black mamba (Gauntlet)
  8 yaks
  A shadow (D:12)
  A basilisk (D:11)
  2 vampires
  3 wraiths
  A spectral fire crab (Gauntlet)
  2 wargs (D:8)
  Duvessa (D:5)
  A water moccasin (D:9)
  4 orc warriors
  3 phantoms
  4 ice beasts
  2 sky beasts
  A black bear (D:11)
  A necrophage (D:11)
  3 ogres
  4 wolves
  3 centaurs
  2 big kobolds
  5 bullfrogs
  A scorpion (D:11)
  Dowan (D:5)
  8 killer bees (D:8)
  4 wights (D:9)
  8 electric eels
  A howler monkey (D:5)
  2 crimson imps
  3 bullfrog zombies
  3 hounds
  3 jellies
  7 orc wizards
  4 orc priests
  A centaur zombie (D:6)
  An iguana (D:9)
  Terence (D:2)
  A bullfrog skeleton (D:11)
  14 worker ants
  Natasha (thrice) (D:2)
  A hound skeleton (D:4)
  A killer bee simulacrum (D:9)
  Robin (D:3)
  4 gnolls (D:5)
  18 adders
  6 shadow imps
  4 white imps
  2 ufetubi
  4 worms
  2 dart slugs
  2 leopard geckos
  34 orcs
  7 bats
  3 giant cockroaches
  14 goblins
  12 hobgoblins
  4 jackals
  4 quokkas
  A ball python (D:6)
  5 frilled lizards
  11 kobolds
  2 leopard gecko skeletons (D:5)
  9 rats
294 creatures vanquished.

Vanquished Creatures (collateral kills)
  5 yaks (D:12)
5 creatures vanquished.

Vanquished Creatures (others)
  2 sky beasts
  A phantom (D:9)
  A white imp (D:9)
  An ufetubus (D:9)
  13 fungi (D:6)
  18 plants
36 creatures vanquished.

Grand Total: 335 creatures vanquished

Notes
Turn   | Place    | Note
-------+----------+-------------------------------------------
     0 | D:1      | Favre the Gargoyle Earth Elementalist began the quest for
                  | the Orb.
     0 | D:1      | Reached XP level 1. HP: 10/10 MP: 3/3
   356 | D:1      | Reached XP level 2. HP: 14/15 MP: 0/5
   363 | D:1      | Reached skill level 4 in Earth Magic
  1253 | D:2      | Noticed Terence
  1271 | D:2      | Reached XP level 3. HP: 19/19 MP: 5/7
  1276 | D:2      | Learned a level 3 spell: Stone Arrow
  1312 | D:2      | Killed Terence
  1313 | D:2      | Reached skill level 1 in Conjurations
  1382 | D:2      | You fall into a shaft and drop 2 floors!
  1415 | D:3      | Found a broken altar of Ashenzari.
  1434 | D:3      | Reached XP level 4. HP: 15/24 MP: 0/8
  1787 | D:3      | Reached skill level 5 in Earth Magic
  1830 | D:2      | Noticed Robin
  1860 | D:3      | Killed Robin
  1861 | D:3      | Reached XP level 5. HP: 28/28 MP: 5/9
  1999 | D:2      | Learned a level 5 spell: Lee's Rapid Deconstruction
  2041 | D:2      | Noticed Natasha
  2045 | D:2      | Killed Natasha
  2107 | D:2      | Noticed Natasha
  2114 | D:2      | Killed Natasha
  2147 | D:2      | Noticed Natasha
  2152 | D:2      | Killed Natasha
  2379 | D:2      | Reached XP level 6. HP: 30/32 MP: 11/11
  2604 | D:2      | Found an iron altar of Okawaru.
  3194 | D:3      | Found a faded altar of an unknown god.
  3384 | D:3      | Found an ancient bone altar of Kikubaaqudgha.
  3647 | D:4      | Reached skill level 6 in Earth Magic
  3679 | D:4      | Noticed a phantom
  3694 | D:4      | Killed a phantom
  3695 | D:4      | Reached XP level 7. HP: 28/36 MP: 3/13
  4255 | D:5      | Entered Level 5 of the Dungeon
  4559 | D:5      | Found an ornate altar of the Wu Jian Council.
  4564 | D:5      | Reached skill level 1 in Maces & Flails
  4569 | D:5      | Reached skill level 1 in Fighting
  4595 | D:5      | Identified a scroll of acquirement
  4595 | D:5      | Acquired a book of Power
  4709 | D:5      | Reached skill level 1 in Armour
  4743 | D:5      | Found a staircase to the Ecumenical Temple.
  4753 | Temple   | Entered the Ecumenical Temple
  4978 | D:5      | Found a shadowy altar of Dithmenos.
  4984 | D:5      | Reached skill level 1 in Evocations
  4984 | D:5      | Reached XP level 8. HP: 18/43 MP: 11/15
  5202 | D:5      | Found a hazy altar of Hepliaklqana.
  5352 | D:5      | Noticed Dowan
  5352 | D:5      | Noticed Duvessa
  5391 | D:5      | Killed Dowan
  5587 | D:5      | Found a stormy altar of Qazlal.
  5598 | D:5      | Killed Duvessa
  6026 | D:6      | Reached skill level 7 in Earth Magic
  6121 | D:6      | Reached skill level 5 in Spellcasting
  6399 | D:6      | Found a shimmering blue altar of Sif Muna.
  6493 | D:6      | Reached skill level 5 in Conjurations
  7271 | D:7      | Found a burning altar of Makhleb.
  7354 | D:7      | Found a runed translucent gate.
  7355 | D:7      | Found a runed translucent gate.
  7355 | D:7      | Found an opulent altar of Gozag.
  7412 | D:7      | Reached XP level 9. HP: 49/49 MP: 16/16
  7601 | D:7      | Found a radiant altar of Vehumet.
  7682 | D:7      | Found an opulent altar of Gozag.
  7945 | D:7      | Found a runed translucent gate.
  7947 | D:7      | Noticed dinky's ghost (novice DDBe)
  8052 | D:8      | Found a hide-covered altar of Uskayaw.
  8111 | D:8      | Found a blossoming altar of Fedhas.
  8126 | D:8      | Noticed a two-headed ogre
  8142 | D:8      | Found Zin's Purification Station.
  8142 | D:8      | Found a glowing silver altar of Zin.
  8147 | D:8      | Killed a two-headed ogre
  8148 | D:8      | Reached skill level 8 in Earth Magic
  8155 | D:8      | Bought 2 potions of curing for 180 gold pieces
  8156 | D:8      | Found a flagged portal.
  8237 | D:8      | Learned a level 2 spell: Passwall
  8254 | Bailey   | Entered a bailey
  8254 | Bailey   | Noticed an orc knight
  8254 | Bailey   | Noticed an orc knight
  8256 | Bailey   | Noticed an orc knight
  8257 | Bailey   | Noticed an orc knight
  8260 | Bailey   | Noticed an orc knight
  8266 | Bailey   | HP: 2/52 [orc warrior/+0 halberd (16)]
  8966 | D:8      | Found a glowing golden altar of the Shining One.
  9213 | D:9      | Found a staircase to the Lair.
  9229 | D:8      | Reached XP level 10. HP: 30/56 MP: 16/18
  9682 | D:9      | Found a bloodstained altar of Trog.
  9940 | D:9      | Killed an unseen horror
 10174 | D:9      | Found a sacrificial altar of Ru.
 10264 | D:9      | Reached skill level 5 in Armour
 10304 | D:9      | Reached skill level 5 in Fighting
 10304 | D:9      | Reached skill level 9 in Earth Magic
 10721 | D:9      | Reached XP level 11. HP: 59/64 MP: 19/20
 11015 | D:10     | Entered Level 10 of the Dungeon
 11285 | D:10     | Reached skill level 5 in Maces & Flails
 11417 | D:10     | Noticed a two-headed ogre
 11510 | D:10     | Killed a two-headed ogre
 11833 | D:10     | Found Xusytasi's Assorted Antiques.
 11842 | D:10     | Bought a scroll labelled XUICUNONINN for 32 gold pieces
 11842 | D:10     | Bought a scroll labelled AWITTO JITSE for 32 gold pieces
 11842 | D:10     | Bought a scroll of identify for 64 gold pieces
 11842 | D:10     | Bought a scroll of identify for 64 gold pieces
 12148 | D:10     | Found a staircase to the Orcish Mines.
 12281 | D:10     | Identified the +8 spear of Magnificence {drain, Str+2} (You
                  | found it on level 10 of the Dungeon)
 12467 | D:11     | Noticed a seven-headed hydra
 12474 | D:11     | Killed a seven-headed hydra
 12475 | D:11     | Reached skill level 5 in Dodging
 12722 | D:11     | Noticed an ogre mage
 12726 | D:11     | Killed an ogre mage
 12727 | D:11     | Reached skill level 5 in Evocations
 12732 | D:11     | Noticed a cyclops
 12861 | D:11     | Killed a cyclops
 13022 | D:11     | Noticed a deep elf mage
 13025 | D:11     | Killed a deep elf mage
 13204 | D:11     | Noticed a two-headed ogre
 13209 | D:11     | Killed a two-headed ogre
 13333 | D:11     | Gained mutation: Armour fits poorly on your strangely
                  | shaped body. [potion of mutation]
 13333 | D:11     | Gained mutation: You have large cloven feet. [potion of
                  | mutation]
 13333 | D:11     | Gained mutation: Your movements are slightly less
                  | encumbered by armour. (ER -2) [potion of mutation]
 13999 | D:11     | Noticed a five-headed hydra
 14001 | D:11     | Noticed a wolf spider
 14009 | D:11     | Killed a five-headed hydra
 14009 | D:11     | Killed a wolf spider
 14010 | D:11     | Reached skill level 10 in Earth Magic
 14010 | D:11     | Reached XP level 12. HP: 55/71 MP: 23/23
 14475 | D:12     | Got a pair of brightly glowing gloves
 14734 | D:12     | Identified the +0 pair of gloves "Faubbuv" {+Inv rElec
                  | rC+++ Dex-5} (You found it on level 12 of the Dungeon)
 15498 | D:13     | Noticed a centaur warrior
 15505 | D:13     | Killed a centaur warrior
 15550 | D:13     | Found a gate leading to a gauntlet.
 15559 | Gauntlet | Entered a Gauntlet
 15559 | Gauntlet | Found a transporter.
 15710 | Gauntlet | Found a transporter.
 15721 | Gauntlet | Found a transporter.
 15726 | Gauntlet | Found a transporter.
 15741 | Gauntlet | Found a transporter.
 15760 | Gauntlet | Found the cursed +13 scythe of Curses {drain, *Curse}
 15760 | Gauntlet | Found a transporter.
 15772 | Gauntlet | Found a transporter.
 15774 | Gauntlet | Noticed a blizzard demon
 15778 | Gauntlet | Found a transporter.
 15793 | Gauntlet | Found a transporter.
 15799 | Gauntlet | Found a transporter.
 15814 | Gauntlet | Found a transporter.
 15817 | Gauntlet | Noticed a death scarab
 15818 | Gauntlet | Noticed a death scarab
 15829 | Gauntlet | Found a transporter.
 15836 | Gauntlet | Noticed a blizzard demon
 15843 | Gauntlet | Found a transporter.
 15861 | Gauntlet | Found a transporter.
 15863 | Gauntlet | Found a transporter.
 15892 | Gauntlet | Found a transporter.
 15892 | Gauntlet | Found a transporter.
 15912 | Gauntlet | Found a transporter.
 16200 | Gauntlet | Got a steaming hat
 16216 | Gauntlet | Identified the cursed +0 hat of the Valley {Int+6} (You
                  | found it in a Gauntlet)
 16223 | Gauntlet | Learned a level 6 spell: Iron Shot
 16229 | Gauntlet | Learned a level 5 spell: Bolt of Magma
 16278 | Gauntlet | Killed a death scarab
 16284 | Gauntlet | Reached skill level 1 in Fire Magic
 16322 | Gauntlet | HP: 1/72 [death scarab (17)]
 16324 | Gauntlet | Slain by a death scarab

Illustrated notes

Levels and vault maps discovered:
D:1:      dpeg_arrival_renting, layout_loops_ring
D:2:      layout_loops_ring, lemuel_round_altar, uniq_natasha, uniq_robin,
          uniq_terence
D:3:      layout_loops_ring, nicolae_overflow_hidden_temple,
          nicolae_overflow_crystal_walls, chequers_ecumenical_altar_grove
D:4:      layout_cave_pools
D:5:      layout_basic, kennysheep_mini_moat, overflow_temple_1_default,
          nicolae_qazlal_eye_of_the_storm, minmay_temple_entry_hall,
          grunt_ministairs_7, grunt_dithmenos_smoke, uniq_duvessa
D:6:      layout_loops_ring, old_standard_altar, serial_aquarium,
          aquarium_bridge_square [aquarium_subvault_bridge,
          aquarium_subvault_bridge, aquarium_subvault_balcony,
          aquarium_subvault_bridge], aquarium_window_corner,
          aquarium_window_fake, aquarium_window_2, aquarium_window_double,
          aquarium_view_2b, aquarium_view_2e, aquarium_balcony_3b,
          aquarium_pool_split, kennysheep_path_1, minmay_fire_ice_demons
D:7:      layout_gridville, general_overflow_altar, makhleb_grotto_becter,
          lemuel_coloured_pillars_altar, ebering_ghost_gozag
D:8:      layout_rooms, eat_drink_and_be_merry_uskayaw, kennysheep_little_box,
          lemuel_crystal_altar, zin_purify, enter_bailey_8
D:9:      layout_basic, kennysheep_mini, old_standard_altar,
          erik_lair_orcish_takeover, serial_ice, serial_ice_e, serial_ice_o,
          serial_ice_i, serial_ice_b, eino_tiny_chamber
D:10:     minmay_clustersquares, layout_rooms, orc_0_dummy, serial_bayou,
          serial_bayou_pond_d, serial_bayou_pond_b, serial_bayou_shore_b,
          serial_bayou_ford_a, serial_bayou_lagoon_b, serial_bayou_lagoon_a,
          serial_shops, shop
D:11:     minmay_inside_and_out, layout_loops_cross,
          chequers_serial_rivers_large_a
D:12:     layout_irregular_city
D:13:     layout_loops_ring, ximxim_vaults_locker_room, gauntlet_entry_generic,
          serial_glass, glass_columns_b, glass_columns_a, glass_columns_a,
          glass_columns_c, minmay_misc_feat_tower
Temple:   corrupted_temple
Gauntlet: gammafunk_gauntlet_one_two_three [nicolae_gauntlet_swirl,
          gammafunk_gauntlet_arena_chambers, nicolae_gauntlet_arena_blocks,
          gammafunk_gauntlet_arena_crates, gammafunk_gauntlet_arena_teeth,
          gammafunk_gauntlet_arena_open, nicolae_gauntlet_arena_flowing_pool,
          nicolae_gauntlet_arena_grate_2, gammafunk_gauntlet_arena_spirals,
          gauntlet_exit_spiral]

Skill      XL: |  1  2  3  4  5  6  7  8  9 10 11 12 |
---------------+-------------------------------------+-----
Earth Magic    | 4 5 6 7 8 9 10 | 10.5
Conjurations   | 1 2 3 4 5 6 8 |  8.6
Spellcasting   | 3 4 5 6 7 8 |  8.0
Dodging        | 2 3 4 5 6 |  6.1
Maces & Flails | 1 2 3 4 6 |  6.9
Fighting       | 1 2 4 5 6 7 |  7.4
Armour         | 1 3 4 5 6 |  6.0
Evocations     | 1 2 3 4 5 6 |  6.2
Fire Magic     | 1 |  1.8
Stealth        | |  2.1
Transmutations | |  0.7

Action                   |  1- 3 |  4- 6 |  7- 9 | 10-12 || total
-------------------------+-------+-------+-------+-------++-------
Melee: Club              |    50 |       |       |       ||    50
       Unarmed           |     5 |       |       |       ||     5
       Mace              |    27 |    26 |       |       ||    53
       Dagger            |       |   150 |   263 |   302 ||   715
       Flail             |       |       |       |     8 ||     8
 Cast: Sandblast         |    22 |    34 |   101 |    77 ||   234
       Lee's Rapid Decon |       |       |     2 |    48 ||    50
       Stone Arrow       |       |       |     1 |    26 ||    27
       Passwall          |       |       |     1 |       ||     1
       Iron Shot         |       |       |       |     1 ||     1
 Abil: Evoke Invisibilit |       |       |       |     2 ||     2
Evoke: Wand              |       |       |    11 |     6 ||    17
  Use: Scroll            |     6 |     9 |     8 |    15 ||    38
       Potion            |       |       |     2 |     9 ||    11
 Stab: Sleeping          |     2 |     1 |     1 |       ||     4
Armor: Robe              |    24 |       |       |       ||    24
       Leather armour    |    22 |   101 |   134 |   209 ||   466
Dodge: Dodged            |    87 |   165 |   258 |   333 ||   843

Table legend: (Time is in decaauts)
 A = Elapsed time spent in this place.
 B = Non-inter-level travel time spent in this place.
 C = Inter-level travel time spent in this place.
 D = Time resting spent in this place.
 E = Time spent auto-exploring this place.
 F = Levels seen in this place.
 G = Mean time per level.
                   A        B        C        D        E       F      G
               +--------+--------+--------+--------+--------+-----+--------+
         Total |  16434 |  15958 |    476 |   3435 |   9364 |  16 | 1027.1 |
       Dungeon |  15591 |  15129 |    462 |   3213 |   8962 |  13 | 1199.3 |
        Temple |     59 |     45 |     14 |      0 |     27 |   1 |   59.0 |
        Bailey |     14 |     14 |      0 |      0 |      0 |   1 |   14.0 |
      Gauntlet |    768 |    768 |      0 |    222 |    375 |   1 |  768.0 |
               +--------+--------+--------+--------+--------+-----+--------+

Top non-repeatable levels by time:
    D:10: 1901 daAuts
     D:5: 1614 daAuts
     D:9: 1610 daAuts
    D:11: 1496 daAuts
     D:2: 1448 daAuts
     D:8: 1355 daAuts
     D:6: 1315 daAuts
     D:3: 1228 daAuts
    D:12: 1144 daAuts
     D:1: 1019 daAuts
     D:7: 796 daAuts
Gauntlet: 768 daAuts
     D:4: 598 daAuts
    D:13: 60 daAuts
  Temple: 59 daAuts
